 Dungeon Crawl Stone Soup version 0.19.1 (console) character file.

41 Jesseh the Chiller (level 3, -2/24 HPs)
             Began as a Merfolk Ice Elementalist on Nov 23, 2016.
             Slain by a gnoll
             ... wielding a +0 flail
              (6 damage)
             ... on level 2 of the Dungeon.
             The game lasted 00:05:47 (1284 turns).

Jesseh the Chiller (Merfolk Ice Elementalist)       Turns: 1284, Time: 00:05:48

Health: -2/24      AC:  2    Str:  8    XL:     3   Next: 52%
Magic:  6/6        EV: 13    Int: 14    God:
Gold:   74         SH:  0    Dex: 15    Spells: 2 memorised, 2 levels left

rFire  . . .     SeeInvis +     i - +1 dagger (speed)
rCold  . . .     Gourm    .     a - +0 robe
rNeg   . . .     Faith    .     (no shield)
rPois  .         Spirit   .     (no helmet)
rElec  .         Reflect  .     (no cloak)
rCorr  .         Harm     .     (no gloves)
MR     .....                    (no boots)
Stlth  ++........               (no amulet)
                                (no ring)
                                j - ring of see invisible

@: no status effects
A: change form in water, swift swim, stealthy swim
a: no special abilities


You were on level 2 of the Dungeon.
You were not hungry.

You visited 1 branch of the dungeon, and saw 2 of its levels.

You collected 74 gold pieces.

Inventory:

Hand Weapons
 d - a +0 dagger
   (You found it on level 1 of the Dungeon)
 i - a +1 dagger of speed (weapon)
   (You found it on level 1 of the Dungeon)
Armour
 a - a +0 robe (worn)
 k - a cursed +0 leather armour
   (You found it on level 1 of the Dungeon)
Jewellery
 j - a ring of see invisible (left hand)
   (You found it on level 1 of the Dungeon)
Scrolls
 e - 2 scrolls of remove curse {unknown}
 h - a scroll of identify {unknown}
Potions
 g - a potion of curing {unknown}
 l - a potion of degeneration {unknown}
 m - a potion of cure mutation {unknown}
Books
 b - a book of Frost
Comestibles
 c - 2 bread rations


   Skills:
 - Level 0.8 Throwing
 - Level 2.6 Dodging
 - Level 2.1 Stealth
 + Level 2.0 Spellcasting
   Level 0.7 Conjurations
 * Level 0.0 Charms
 - Level 4.6 Ice Magic


You had 2 spell levels left.
You knew the following spells:

 Your Spells              Type           Power        Failure   Level  Hunger
a - Freeze                Ice            ##..         3%          1    ##.....
b - Ozocubu's Armour      Chrm/Ice       #.......     30%         3    ####...


Dungeon Overview and Level Annotations

Branches:
Dungeon (2/15)

Altars:
Fedhas
Hepliaklqana


Message History

You kill the ooze!
You hit the giant cockroach. You hit the giant cockroach.
You kill the giant cockroach!
The hobgoblin hits you.
You see here a giant cockroach corpse.
You hit the hobgoblin but do no damage. The hobgoblin barely misses you.
You barely miss the hobgoblin. You hit the hobgoblin but do no damage.
The hobgoblin hits you.
* * * LOW HITPOINT WARNING * * *
You barely miss the hobgoblin.
The hobgoblin hits you but does no damage.
You hit the hobgoblin.
You kill the hobgoblin!
All of the chunks of flesh in your inventory have rotted away.
You see here a hobgoblin corpse.
Memorise Ozocubu's Armour, consuming 3 spell levels and leaving 2?
You start memorising the spell.
You continue memorising. x3
You finish memorising.
Spell assigned to 'b'.
You see here a giant cockroach corpse.
You butcher the giant cockroach corpse.
f - 2 chunks of flesh You see here a hobgoblin corpse.
You butcher the hobgoblin corpse.
f - 4 chunks of flesh (gained 2)
There isn't anything here!
There is an open door here.
You see here a ring mail.
There is an open door here.
There is an open door here.
Items here: )) †† a flail; a dagger; a gnoll corpse; a kobold corpse You butcher the gnoll corpse.
f - 5 chunks of flesh (gained 1)
Things that are here:
a flail; a dagger; a kobold corpse You now have 66 gold pieces (gained 15).
Your legs become a tail as you enter the water.
m - a lumpy green potion Key pressed, stopping explore.
Eating one of 5 chunks of flesh.
You start eating one of the 5 chunks of flesh.
You are feeling hungry.
A bat comes into view.
The helpless bat fails to defend itself.
You puncture the bat!
You kill the bat!
You see here a bat corpse.
You butcher the bat corpse.
f - 5 chunks of flesh (gained 1)
You see here a bat skeleton.
You see here a bat skeleton.
Your legs become a tail as you enter the water.
e - 2 scrolls labeled ORINTO MEOHI (gained 1)
You now have 74 gold pieces (gained 8).
Some of the chunks of flesh in your inventory have rotted away.
There is an open door here.
There is an open door here.
All of the chunks of flesh in your inventory have rotted away.
There is an open door here.
There is an open door here.
The hobgoblin shouts!
You hit the hobgoblin.
The hobgoblin hits you but does no damage.
You hit the hobgoblin.
You kill the hobgoblin!
Things that are here:
a dagger; a hobgoblin corpse You butcher the hobgoblin corpse.
f - a chunk of flesh You see here a dagger.
There is an open door here.
There is an open door here.
Eating a chunk of flesh.
You start eating the chunk of flesh.
You are feeling hungry.
Done exploring.
A blossoming altar of Fedhas.
Done exploring.
There is an open door here.
There is a stone staircase leading down here.
You climb downwards. 4 gnolls come into view.
The gnoll shouts! x4; You hear a shout!
Found 7 gold pieces.
Found a hazy altar of Hepliaklqana.
There is a stone staircase leading up here.
You hit the gnoll but do no damage. You hit the gnoll.
The gnoll hits you with a whip.
You hit the gnoll but do no damage. The gnoll hits you but does no damage.
You hit the gnoll but do no damage. You hit the gnoll.
The gnoll closely misses you. The gnoll hits you with a flail!
You closely miss the gnoll. The gnoll closely misses you.
You hit the gnoll but do no damage. You hit the gnoll but do no damage.
The gnoll hits you with a whip.
* * * LOW HITPOINT WARNING * * *
The gnoll barely misses you.
A hobgoblin comes into view. It is wielding a club.
The hobgoblin closely misses you. The hobgoblin barely misses you.
The gnoll hits you with a flail.
You die...

......
...... .....
.... ▒▒..▒
▒..▒
▒▒▒▒▒▒g.▒
▒...ggm.▒
▒...gg..▒
.....▒▒8..8▒
▒▒▒▒ ▒_....▒
▒▒▒..▒▒ ....
▒..▒▒ .€..


You could see 4 gnolls and a hobgoblin.

Vanquished Creatures
  A gnoll (D:1)
  An ooze (D:1)
  3 dart slugs (D:1)
  3 bats (D:1)
  3 giant cockroaches (D:1)
  2 hobgoblins (D:1)
  2 kobolds (D:1)
  A ball python (D:1)
  2 goblins (D:1)
  3 rats (D:1)
21 creatures vanquished.

Notes
Turn   | Place    | Note
-------+----------+-------------------------------------------
     0 | D:1      | Jesseh the Merfolk Ice Elementalist began the quest for the Orb.
     0 | D:1      | Reached XP level 1. HP: 13/13 MP: 3/3
   125 | D:1      | Reached XP level 2. HP: 10/19 MP: 3/5
   317 | D:1      | Reached skill level 4 in Ice Magic
   748 | D:1      | Found a blossoming altar of Fedhas.
   769 | D:1      | Reached XP level 3. HP: 24/24 MP: 1/6
   821 | D:1      | Learned a level 3 spell: Ozocubu's Armour
  1274 | D:2      | Found a hazy altar of Hepliaklqana.
  1282 | D:2      | HP: 4/24 [gnoll/whip (6)]
  1284 | D:2      | Slain by a gnoll

Skill      XL: |  1  2 |
---------------+-------+-----
Ice Magic      | 4 |  4.6
Throwing       | |  0.8
Dodging        | |  2.6
Stealth        | |  2.1
Spellcasting   | |  2.0
Conjurations   | |  0.7

Action                   || total
-------------------------++-------
Melee: Dagger            ||    53
 Cast: Freeze            ||    24
 Stab: Sleeping          ||     1
  Eat: Chunk             ||     2
Armor: Robe              ||    13
Dodge: Dodged            ||    32

Vault maps used:
D:1:      dpeg_arrival_renting, kennysheep_flooded_box, minmay_misc_feat_plants,
          minivault_4, corexii_item_surrounded_by_moat, minivault_19,
          minmay_close_crescents
D:2:      cheibrodos_helix_gallery, lemuel_doored_altar, minitemple,
          lightli_corner_chamber

Table legend:
 A = Turns spent in this place as a percentage of turns spent in the entire game.
 B = Non-inter-level travel turns spent in this place as a percentage of non-inter-level travel turns spent in the entire game.
 C = Inter-level travel turns spent in this place as a percentage of turns spent in this place.
 D = Turns resting spent in this place as a percentage of non-inter-level travel turns spent in this place.
 E = Turns spent auto-exploring this place as a percentage of non-inter-level travel turns spent in this place.
 F = Non-inter-level travel turns spent in this place divided by the number of levels of this place that you've seen.
                   A       B       C       D       E      F
               +-------+-------+-------+-------+-------+----------------------
         Total | 100.0 | 100.0 |   0.3 |   0.7 |   9.3 | 150.0
       Dungeon | 100.0 | 100.0 |   0.3 |   0.7 |   9.3 | 150.0
               +-------+-------+-------+-------+-------+----------------------

Table legend:
 A = Kills in this place as a percentage of kills in entire the game.
 B = Kills by you in this place as a percentage of kills by you in the entire game.
 C = Kills by friends in this place as a percentage of kills by friends in the entire game.
 D = Other kills in this place as a percentage of other kills in the entire game.
 E = Experience gained in this place as a percentage of experience gained in the entire game.
 F = Experience gained in this place divided by the number of levels of this place that you have seen.
                   A       B       C       D       E      F
               +-------+-------+-------+-------+-------+----------------------
         Total | 100.0 | 100.0 |  -nan |  -nan | 100.0 |  29.5
       Dungeon | 100.0 | 100.0 |  -nan |  -nan | 100.0 |  29.5
               +-------+-------+-------+-------+-------+----------------------
